 Dungeon Crawl Stone Soup version 0.26.1-2-gb8aa6d0cf2 (webtiles) character file.

Game seed: 15227003737570196922

16787 DearestLeader the Geomancer (level 12, -2/70 HPs)
             Began as a Gargoyle Earth Elementalist on Mar 6, 2021.
             Was a Believer of Vehumet.
             Slain by a redback (9 damage)
             ... in a Gauntlet.
             The game lasted 00:25:31 (14344 turns).

DearestLeader the Geomancer (GrEE)                 Turns: 14344, Time: 00:25:31

Health: -2/70      AC: 18    Str: 12    XL:     12   Next: 41%
Magic:  15/24      EV: 12    Int: 21    God:    Vehumet [**....]
Gold:   830        SH:  0    Dex: 10    Spells: 8/27 levels left

rFire    . . .     SeeInvis .   i - +7 pair of quick blades "Gyre" and "Gimble" {protect}
rCold    + . .     Faith    .   (shield currently unavailable)
rNeg     + + .     Spirit   .   T - +2 robe {Will+}
rPois    ∞         Reflect  .   v - +2 helmet
rElec    +         Harm     .   F - +0 cloak {Stlth+}
rCorr    .         Rampage  .   K - +0 pair of gloves "Ilaoful" {Stlth+} (curse)
Will     +....     NoTele   +   z - +0 pair of boots
Stlth    +++.......             (no amulet)
HPRegen  0.21/turn              P - ring of positive energy
MPRegen  0.19/turn              p - ring of protection from cold

@: very slightly contaminated, studying Evocations
A: negative energy resistance 1, electricity resistance, unbreathing,
petrification resistance, miasma immunity, AC +8
a: Renounce Religion


You were in a Gauntlet.
You worshipped Vehumet.
Vehumet was pleased with you.
You visited 3 branches of the dungeon, and saw 14 of its levels.
You also visited: Gauntlet.

You collected 1048 gold pieces.
You spent 218 gold pieces at shops.

Inventory:

Hand Weapons
 e - a +1 vorpal quarterstaff
 i - the +7 pair of quick blades "Gyre" and "Gimble" (weapon) {protect}
   (You found it on level 5 of the Dungeon)

   It grants its wielder temporary protection when it strikes (+7 to AC).
 J - the +5 dagger "DearestLeader's Regret" {drain, rPois Int+4, unknown}
   (You found it on level 7 of the Dungeon)

   A truly terrible weapon, it drains the life of those it strikes.
   It affects your intelligence (+4).
   It protects you from poison.
 Z - a +3 arbalest
Missiles
 b - 431 stones
Armour
 m - +0 acid dragon scales
 v - a +2 helmet (worn)
 z - a +0 pair of boots (worn)
 F - a +0 cloak of stealth (worn)
 K - the cursed +0 pair of gloves "Ilaoful" (worn) {Stlth+}
   (You bought it in a shop on level 8 of the Dungeon)

   It makes you more stealthy.
   It has a curse placed upon it.
 T - a +2 robe of willpower (worn)
Jewellery
 a - an uncursed ring of flight {unknown}
 o - a +6 ring of dexterity
 p - a ring of protection from cold (right hand)
 u - a cursed ring of attention {unknown}
 y - an uncursed ring of fire
 L - an uncursed ring of protection from cold
 P - a ring of positive energy (left hand)
 S - an uncursed ring of resist corrosion
Wands
 h - a wand of iceblast (13)
 C - a wand of flame (13)
 G - a wand of paralysis (6)
 M - a wand of digging (3)
 O - a wand of acid (15)
 R - a wand of random effects (11)
 U - a wand of disintegration (9)
Scrolls
 c - a scroll of immolation {unknown}
 f - 3 scrolls of magic mapping
 k - a scroll of enchant armour
 l - 2 scrolls of blinking
 n - 8 scrolls of teleportation
 s - a scroll of vulnerability
 w - 3 scrolls of enchant weapon
 D - a scroll of fog
 E - 3 scrolls of remove curse
 I - a scroll of fear
 V - a scroll of torment {unknown}
 W - a scroll of amnesia
Potions
 d - 2 potions of brilliance
 g - 4 potions of curing
 j - 3 potions of degeneration
 q - 5 potions of lignification
 r - 2 potions of mutation {unknown}
 t - 3 potions of attraction
 x - 3 potions of magic
 A - a potion of haste {unknown}
 H - 3 potions of heal wounds
 N - a potion of ambrosia {unknown}
 X - a potion of berserk rage {unknown}
 Y - a potion of invisibility {unknown}
Books
 B - a manual of Evocations
Miscellaneous
 Q - a phantom mirror


   Skills:
 + Level 6.1 Fighting
 - Level 8.0 Short Blades
 - Level 3.0 Dodging
 - Level 2.1 Stealth
 + Level 8.1 Spellcasting
 * Level 8.5 Conjurations
 - Level 0.7 Transmutations
 + Level 14.4 Earth Magic


You had 8 spell levels left.
You knew the following spells:

 Your Spells              Type           Power        Failure   Level
a - Sandblast             Erth           100%         1%          1
b - Stone Arrow           Conj/Erth      100%         1%          3
c - Lee's Rapid Deconstr  Erth           31%          1%          5
d - Petrify               Tmut/Erth      40%          3%          4
e - Iron Shot             Conj/Erth      27%          11%         6

Your spell library contained the following spells:

 Spells                   Type           Power        Failure   Level
 Magic Dart               Conj           100%         1%          1
 Passwall                 Tmut/Erth      33%          1%          2
 Iskenderun's Battlesphe  Conj           44%          6%          5
 Bolt of Magma            Conj/Fire/Erth 20%          10%         5
 Orb of Destruction       Conj           22%          89%         7
 Spellforged Servitor     Conj/Summ      13%          100%        7


Dungeon Overview and Level Annotations

Branches:
Dungeon (10/15)            Temple (1/1) D:4            Lair (3/6) D:9
 Spider (0/4) Lair:2      Gauntlet (1/1)
  Swamp: Lair:2-4    Shoals: Lair:2-4       Orc: D:9-12

Altars:
Ashenzari
Cheibriados
Dithmenos
Elyvilon
Fedhas
Gozag
Hepliaklqana
Kikubaaqudgha
Makhleb
Nemelex Xobeh
Okawaru
Qazlal
Ru
Sif Muna
Trog
Uskayaw
Vehumet
Wu Jian
Xom
Yredelemnul
Zin
The Shining One
Beogh

Shops:
D:8 [

Portals:
Abyss: Lair:1

Annotations:
D:2 Natasha
Lair:1 2 transporters, Allula97's ghost, journeyman TrMo Gauntlet 9 transporters


Innate Abilities, Weirdness & Mutations

You are resistant to torment.
Your stone body is resilient. (AC +8)
You are immune to poison.
You resist negative energy. (rN+)
You are resistant to electric shocks. (rElec)
You can survive without breathing.
You are immune to petrification.
You are immune to miasma.


Message History

Okay, then.
Casting: Petrify (dangerous; 3% risk of failure)
Confirm with . or Enter, or press ? or * to list all spells.
Aiming: Petrify (dangerous; 3% risk of failure)
Press: ? - help, Shift-Dir - straight line, f - redback
Aim: a redback (berserk, chance to affect: 67%)
The redback is moving more slowly.
Casting: Petrify (dangerous; 3% risk of failure)
Confirm with . or Enter, or press ? or * to list all spells.
Aiming: Petrify (dangerous; 3% risk of failure)
Press: ? - help, Shift-Dir - straight line, f - redback, p - redback
Aim: a redback (berserk, chance to affect: 67%)
You miscast Petrify.
You are very lightly contaminated with residual magic.
Nothing appears to happen.
The redback bites you but does no damage.
The redback bites you!
* * * LOW HITPOINT WARNING * * *
The redback barely misses you. The redback bites you!
You die...

.###....##:#####.##...##[#####..#
.#.#.##.5#.#...#..##h##.b#...#.##
.#5..##.##.#...#bh......h#...#...
.###########...###########...####
.............≈.............§§§...
...∩........≈8≈...........§8≈§...
.............≈.............≈.....
.###########...###########...####
§#.^.......#...#@s.......#...#...
§#.#....^#.#...#ss.......#...#...
.#..##.##..#####........)#####..#
.#..##.##..#...#.........#...#.#.
©#..#^©^#.©#©.©#....©...©#©.©##.©
.#..##.##..#...#........[#...#.#.
.#..##†##..#####........$#####..#
.#.#^.†.^#.#...#.........#...#...
.#.........#.8.#.........#.8.#...


You could see 2 hell hounds, 3 redbacks and a fire bat.

Vanquished Creatures
  Gastronok (Lair:1)
  Harold (D:7)
  A two-headed ogre (D:9)
  Sonja (Lair:1)
  A sixfirhy (D:10)
  Pikel (D:9)
  An ugly thing (D:9)
  A moth of wrath (Gauntlet)
  A black mamba (Lair:2)
  3 cane toads
  2 komodo dragons
  Maggie (D:6)
  A queen bee (Gauntlet)
  Grinder (D:3)
  2 hornets
  4 blink frogs (Lair:1)
  Sigmund (D:5)
  A redback (Lair:2)
  14 yaks
  A steam dragon (D:10)
  A basilisk (Lair:1)
  Menkaure (D:6)
  Edmund (D:6)
  2 water moccasins
  3 orc warriors
  2 hornet zombies
  2 ice beasts
  2 black bears
  2 phantoms
  An eye of draining (D:9)
  2 sky beasts (D:6)
  2 necrophages (D:9)
  2 ogres (D:8)
  A lemure (D:9)
  3 centaurs
  Blork the orc (D:6)
  A big kobold (D:9)
  8 bullfrogs
  A wyvern zombie (D:10)
  16 killer bees
  4 electric eels
  2 howler monkeys
  A vampire bat (D:2)
  2 bullfrog zombies (D:7)
  2 jellies
  Crazy Yiuf (D:6)
  2 orc priests
  2 centaur skeletons
  2 hounds
  7 orc wizards
  3 bullfrog skeletons
  Jessica (D:2)
  2 iguanas
  11 worker ants
  Natasha (twice) (D:2)
  A hound zombie (D:5)
  2 hound skeletons (D:4)
  A howler monkey zombie (D:5)
  A worker ant zombie (D:7)
  10 gnolls
  8 adders
  4 shadow imps
  A white imp (D:5)
  3 ufetubi
  2 oozes
  An adder skeleton (D:4)
  2 adder zombies
  3 worms
  3 dart slugs
  6 leopard geckos
  56 orcs
  2 ball pythons
  4 bats
  3 bat skeletons (D:2)
  3 bat zombies (D:2)
  6 giant cockroaches
  4 goblins
  4 hobgoblins (D:1)
  8 jackals
  12 kobolds
  A quokka (D:5)
  11 frilled lizards
  A leopard gecko skeleton (D:8)
  2 leopard gecko zombies
  A quokka skeleton (D:4)
  6 rats
310 creatures vanquished.

Vanquished Creatures (others)
  3 fungi (Gauntlet)
  50 plants
53 creatures vanquished.

Grand Total: 363 creatures vanquished

Notes
Turn   | Place    | Note
-------+----------+-------------------------------------------
     0 | D:1      | DearestLeader the Gargoyle Earth Elementalist began the
                  | quest for the Orb.
     0 | D:1      | Reached XP level 1. HP: 10/10 MP: 3/3
    67 | D:1      | Reached skill level 4 in Earth Magic
    97 | D:1      | Reached XP level 2. HP: 8/15 MP: 3/5
   690 | D:1      | Reached XP level 3. HP: 19/19 MP: 4/6
   744 | D:1      | Reached skill level 5 in Earth Magic
   851 | D:1      | Learned a level 3 spell: Stone Arrow
  1268 | D:2      | Noticed Jessica
  1277 | D:2      | Killed Jessica
  1278 | D:2      | Reached skill level 6 in Earth Magic
  1278 | D:2      | Reached XP level 4. HP: 24/24 MP: 3/7
  1443 | D:2      | Noticed Natasha
  1455 | D:2      | Killed Natasha
  1496 | D:2      | Reached XP level 5. HP: 28/28 MP: 6/8
  1580 | D:2      | Noticed Natasha
  1581 | D:2      | Found a shimmering blue altar of Sif Muna.
  1596 | D:2      | Killed Natasha
  1597 | D:2      | Reached skill level 7 in Earth Magic
  1619 | D:2      | Found a shimmering altar of Xom.
  1626 | D:2      | Found a stormy altar of Qazlal.
  1708 | D:2      | Noticed Natasha
  1867 | D:2      | Found an ancient bone altar of Kikubaaqudgha.
  2050 | D:3      | Reached XP level 6. HP: 29/32 MP: 4/9
  2062 | D:3      | Learned a level 5 spell: Lee's Rapid Deconstruction
  2128 | D:3      | Noticed Grinder
  2131 | D:3      | Paralysed by Grinder for 2 turns
  2141 | D:3      | Killed Grinder
  2142 | D:3      | Reached skill level 9 in Earth Magic
  2230 | D:3      | Reached XP level 7. HP: 35/36 MP: 6/10
  2417 | D:3      | Found a snail-covered altar of Cheibriados.
  3155 | D:4      | Found a white marble altar of Elyvilon.
  3156 | D:4      | Found an opulent altar of Gozag.
  3156 | D:4      | Found an iron altar of Okawaru.
  3174 | D:4      | Found a staircase to the Ecumenical Temple.
  3193 | Temple   | Entered the Ecumenical Temple
  3944 | D:5      | Entered Level 5 of the Dungeon
  4252 | D:5      | Found a hide-covered altar of Uskayaw.
  4253 | D:5      | Found the +7 pair of quick blades "Gyre" and "Gimble"
                  | {protect}
  4395 | D:5      | Reached skill level 10 in Earth Magic
  4403 | D:5      | Found a glowing silver altar of Zin.
  4424 | D:5      | Found a stormy altar of Qazlal.
  4700 | D:5      | Noticed Sigmund
  4711 | D:5      | Killed Sigmund
  4712 | D:5      | Reached skill level 1 in Fighting
  4712 | D:5      | Reached XP level 8. HP: 43/43 MP: 11/13
  5083 | D:6      | Noticed Menkaure
  5092 | D:6      | Killed Menkaure
  5134 | D:6      | Reached skill level 11 in Earth Magic
  5261 | D:6      | Found a runed translucent door.
  5262 | D:6      | Noticed Crazy Yiuf
  5310 | D:6      | Killed Crazy Yiuf
  5341 | D:6      | Noticed Edmund
  5365 | D:6      | Killed Edmund
  5621 | D:6      | Noticed Blork the orc
  5627 | D:6      | Noticed Maggie
  5632 | D:6      | Killed Blork the orc
  5634 | D:6      | Reached XP level 9. HP: 50/52 MP: 15/15
  5643 | D:6      | Killed Maggie
  5644 | D:6      | Reached skill level 12 in Earth Magic
  5899 | D:6      | Reached skill level 5 in Spellcasting
  6610 | D:7      | Reached skill level 1 in Short Blades
  6610 | D:7      | Reached skill level 1 in Conjurations
  6614 | D:7      | Reached skill level 5 in Fighting
  6792 | D:7      | Noticed Harold
  6806 | D:7      | Killed Harold
  6807 | D:7      | Reached XP level 10. HP: 38/59 MP: 11/18
  6936 | D:7      | Found a glowing golden altar of the Shining One.
  7165 | D:7      | Reached skill level 13 in Earth Magic
  7195 | D:7      | Got a glimmering dagger
  7645 | D:8      | Found a roughly hewn altar of Beogh.
  8126 | D:8      | Found Fatotef's Antique Armour Shoppe.
  8138 | D:8      | Bought a pair of twisted gloves for 218 gold pieces
  8148 | D:8      | Identified the cursed +0 pair of gloves "Ilaoful" {Stlth+}
                  | (You bought it in a shop on level 8 of the Dungeon)
  8178 | D:8      | Found a radiant altar of Vehumet.
  8193 | D:8      | Became a worshipper of Vehumet
  8382 | D:8      | Learned a level 4 spell: Petrify
  8816 | D:9      | Found a shadowy altar of Dithmenos.
  9182 | D:9      | Reached skill level 5 in Short Blades
  9305 | D:9      | Noticed a green ugly thing
  9312 | D:9      | Killed a green ugly thing
  9312 | D:9      | Reached * piety under Vehumet
  9312 | D:9      | Offered knowledge of Foxfire by Vehumet.
  9313 | D:9      | Reached skill level 14 in Earth Magic
  9313 | D:9      | Reached XP level 11. HP: 64/64 MP: 10/20
  9379 | D:9      | Found an iron altar of Okawaru.
  9504 | D:9      | Noticed a two-headed ogre
  9510 | D:9      | Killed a two-headed ogre
  9643 | D:9      | Found a staircase to the Lair.
  9736 | D:9      | You fall into a shaft and drop 1 floor!
  9736 | D:10     | Entered Level 10 of the Dungeon
 10005 | D:10     | Found a runed translucent door.
 10006 | D:10     | Noticed a sixfirhy
 10026 | D:10     | Killed a sixfirhy
 10195 | D:10     | Learned a level 6 spell: Iron Shot
 10387 | D:9      | Noticed Pikel
 10406 | D:9      | Killed Pikel
 10406 | D:9      | Offered knowledge of Magic Dart by Vehumet.
 10634 | D:9      | Reached skill level 5 in Conjurations
 10766 | Lair:1   | Entered Level 1 of the Lair of Beasts
 10885 | Lair:1   | Found a transporter.
 10921 | Lair:1   | Noticed Sonja
 10942 | Lair:1   | Killed Sonja
 10942 | Lair:1   | Reached ** piety under Vehumet
 11446 | Lair:1   | Found a transporter.
 11455 | Lair:1   | Noticed a rakshasa
 11707 | Lair:1   | Noticed Gastronok
 11725 | Lair:1   | Killed Gastronok
 11726 | Lair:1   | Reached XP level 12. HP: 24/68 MP: 21/23
 12228 | Lair:1   | Identified the +2 spear of Terror {distort, *Contam rF+ rC+
                  | Str+6}
 12237 | Lair:1   | Found a one-way gate to the infinite horrors of the Abyss.
 12261 | Lair:1   | Noticed Allula97's ghost (journeyman TrMo)
 13360 | Lair:2   | Found a hole to the Spider Nest.
 13992 | Lair:3   | Found a gate leading to a gauntlet.
 14017 | Gauntlet | Entered a Gauntlet
 14017 | Gauntlet | Found a transporter.
 14017 | Gauntlet | Found a transporter.
 14035 | Gauntlet | Noticed a soul eater
 14105 | Gauntlet | Found a transporter.
 14105 | Gauntlet | Found a transporter.
 14108 | Gauntlet | Found a transporter.
 14108 | Gauntlet | Found a transporter.
 14131 | Gauntlet | Found a transporter.
 14132 | Gauntlet | Found the +2 Maxwell's thermic engine {flame, freeze}
 14135 | Gauntlet | Found a transporter.
 14141 | Gauntlet | Noticed a catoblepas
 14155 | Gauntlet | Found a transporter.
 14184 | Gauntlet | Found a transporter.
 14205 | Gauntlet | Found a transporter.
 14207 | Gauntlet | Found a transporter.
 14344 | Gauntlet | Slain by a redback

Illustrated notes

Levels and vault maps discovered:
D:1:      saegor_arrival_simple_b, layout_loops_ring, minmay_nonomino_d4
D:2:      layout_rooms, kennysheep_vampire_church,
          minmay_overflow_temple_star_quad, uniq_natasha, uniq_jessica
D:3:      layout_rooms, lemuel_round_altar, serial_bayou_pond_a, uniq_grinder
D:4:      layout_cave_pods, chequers_temple_overflow_statue_of_worship,
          minmay_temple_entry_sparse_star
D:5:      layout_loops_corners, eat_drink_and_be_merry_uskayaw,
          general_overflow_altar, nicolae_qazlal_eye_of_the_storm, uniq_sigmund
D:6:      minmay_clustersquares, layout_cave_pools, serial_bayou_ford_a,
          uniq_crazy_yiuf_cottage, uniq_blork_the_orc, uniq_edmund,
          uniq_menkaure, uniq_maggie
D:7:      layout_layer_cave, kennysheep_mini, lightli_orcish_oven, uniq_harold
D:8:      layout_basic, lemuel_crystal_altar, serial_shops, shop, special_room
          [special_room_orc], nrook_campfire, minmay_door_square
D:9:      layout_long_grid, grunt_dithmenos_smoke_and_mirrors,
          david_lair_shrubbed, basic_altar, hive_lemuel, uniq_pikel
D:10:     cheibrodos_shockbox, layout_basic
Temple:   compressed_dpeg_triangle_lava_temple
Lair:1:   layout_layer_cave, gammafunk_ghost_abyssal_escape,
          hangedman_lair_unloving_vines, chequers_serial_rivers_room_b,
          lemuel_fruit_fields, lemuel_fruit_tree, uniq_sonja, uniq_gastronok
Lair:2:   layout_layer_cave, spider_nest_entry_rubble
Lair:3:   lemuel_slime, layout_long_grid, gauntlet_entry_generic,
          minmay_shattered_shrine
Gauntlet: gammafunk_gauntlet_hard_choice [gammafunk_gauntlet_arena_crates,
          nicolae_gauntlet_arena_blocks, gammafunk_gauntlet_arena_split_diamond,
          gammafunk_gauntlet_arena_open, gammafunk_gauntlet_arena_split_x,
          gammafunk_gauntlet_arena_arrow_garden, gauntlet_exit_green]

Skill      XL: |  1  2  3  4  5  6  7  8  9 10 11 12 |
---------------+-------------------------------------+-----
Earth Magic    | 4 6 7 9 10 11 12 14 | 14.4
Spellcasting   | 3 4 5 6 7 8 |  8.1
Fighting       | 1 3 5 6 |  6.1
Short Blades   | 2 5 8 |  8.0
Dodging        | 2 3 |  3.0
Conjurations   | 2 7 8 |  8.5
Stealth        | |  2.1
Transmutations | |  0.7

Action                   |  1- 3 |  4- 6 |  7- 9 | 10-12 || total
-------------------------+-------+-------+-------+-------++-------
Melee: Unarmed           |    30 |       |       |       ||    30
       Dagger            |    22 |    24 |       |       ||    46
       Short sword       |       |    43 |    53 |       ||    96
       Quarterstaff      |       |       |    35 |       ||    35
       Pair of quick bla |       |       |   200 |   519 ||   719
 Cast: Sandblast         |    30 |    35 |    25 |    28 ||   118
       Stone Arrow       |       |       |     1 |     3 ||     4
       Lee's Rapid Decon |       |       |     5 |    11 ||    16
       Petrify           |       |       |       |     1 ||     1
  Use: Scroll            |       |       |    14 |     7 ||    21
       Potion            |       |       |       |     1 ||     1
 Stab: Sleeping          |     2 |     1 |     5 |    15 ||    23
Armor: Robe              |    25 |    64 |    71 |   131 ||   291
       Leather armour    |       |       |    73 |       ||    73
Dodge: Dodged            |    52 |    79 |   138 |   212 ||   481
